AoeStats
← Tutmosis

Hill Fort

504013471Analyzed
4v4 RM · 7d ago on Sep 3, 2026· 76m 8s· 8 players
Game mode
Random Map
Map size
Large (8 player)
Population
200
Speed
Normal
Resources
Standard
Victory
Conquest
Starting age
Dark Age
Ending age
Imperial Age
RankedLock teamsTeams togetherTeam positionsShared explorationLock speedFull tech treeHidden civsTurbo modeCheats
Victory
Defeat
🇨🇴 Vietnamese · Colombia
860
+13
🇨🇳 Teutons · China
838
+14
🇺🇸 Portuguese · United States
797
+16
🇪🇸 Spanish · Spain
760
+19
🇦🇺 Magyars · Australia
845
-17
🇮🇩 Khitans · Indonesia
834
-17
🇸🇰 Persians · Slovakia
775
-14
🇮🇩 Turks · Indonesia
759
-14
leofim11
7:18 Loom
16:29 Feudal Age
18:07 Wheelbarrow
17:14 Horse Collar
21:07 Double-Bit Axe
21:16 Town Watch
24:46 Castle Age
25:47 Stone Mining
25:48 Gold Mining
26:24 Hand Cart
26:34 Hand Cart
27:17 Heavy Plow
28:25 Bow Saw
35:35 Forging
35:30 Scale Barding Armor
35:19 Fletching
35:55 Town Patrol
41:44 Imperial Age
42:54 Elite Organ Gun
46:11 Two-Man Saw
45:44 Crop Rotation
44:47 Pikeman
46:11 Iron Casting
45:37 Scale Mail Armor
46:07 Siege Engineers
46:25 Halberdier
46:50 Arson
46:52 Gambesons
48:12 Blast Furnace
47:27 Chain Mail Armor
49:29 Chemistry
52:59 Circumnavigation
55:15 Plate Mail Armor
56:35 Ballistics
Tutmosis
7:23 Loom
10:27 Feudal Age
17:27 Castle Age
15:47 Horse Collar
16:20 Double-Bit Axe
17:06 Gold Mining
18:49 Wheelbarrow
21:43 Scale Mail Armor
21:54 Forging
23:19 Chain Mail Armor
29:45 Hand Cart
31:13 Heavy Plow
33:09 Bow Saw
40:09 Imperial Age
38:50 Town Watch
39:55 Iron Casting
39:11 Fletching
39:21 Padded Archer Armor
40:36 Town Patrol
40:44 Elite Fire Lancer
41:25 Squires
44:04 Paper Money
43:53 Elite Rattan Archer
46:47 Ballistics
48:52 Bodkin Arrow
49:13 Leather Archer Armor
50:51 Two-Man Saw
49:55 Bracer
51:57 Plate Mail Armor
54:26 Stone Mining
54:53 Thumb Ring
54:09 Elite Skirmisher
60:06 Chemistry
59:13 Siege Engineers
58:49 Treadmill Crane
59:05 Murder Holes
62:16 Stone Shaft Mining
75:53 Spies/Treason
pauss33
7:15 Loom
11:46 Feudal Age
13:06 Wheelbarrow
12:52 Double-Bit Axe
14:23 Man-at-Arms
21:15 Castle Age
19:03 Horse Collar
19:18 Stone Mining
19:19 Gold Mining
20:01 Gold Mining
22:15 Hand Cart
22:33 Bow Saw
23:17 Heavy Plow
24:46 Stone Shaft Mining
25:05 Husbandry
25:16 Bloodlines
25:14 Scale Barding Armor
31:22 Chain Barding Armor
34:22 Imperial Age
34:29 Cavalier
36:59 Two-Man Saw
36:47 Plate Barding Armor
37:41 Paladin
DEEPSKY
12:33 Feudal Age
17:37 Castle Age
16:21 Double-Bit Axe
16:29 Horse Collar
18:48 Heavy Plow
19:21 Bow Saw
25:51 Wheelbarrow
27:23 Gold Mining
27:23 Stone Mining
27:23 Gold Mining
34:37 Imperial Age
32:27 Hand Cart
34:10 Stone Mining
35:04 Bloodlines
34:18 Pikeman
34:59 Squires
34:45 Arson
36:01 Guilds
35:27 Elite Skirmisher
36:25 Forging
36:07 Fletching
36:17 Padded Archer Armor
36:23 Scale Barding Armor
36:19 Scale Mail Armor
37:45 Crop Rotation
36:48 Cavalier
37:25 Halberdier
37:53 Gambesons
37:55 Paladin
39:35 Bodkin Arrow
39:55 Leather Archer Armor
40:16 Iron Casting
39:56 Chain Mail Armor
41:06 Chemistry
40:22 Loom
40:23 Town Watch
41:19 Imperial Skirmisher
43:26 Blast Furnace
43:51 Stone Shaft Mining
43:42 Chain Barding Armor
43:53 Plate Mail Armor
43:57 Caravan
46:27 Conscription
46:29 Ironclad
47:12 Plate Barding Armor
47:08 Ring Archer Armor
49:01 Two-Man Saw
51:45 Elite Teutonic Knight
58:52 Siege Engineers
58:16 Onager
59:29 Siege Onager
RGuardian-
noremorse
12:30 Feudal Age
12:38 Loom
13:24 Double-Bit Axe
19:25 Castle Age
20:12 Wheelbarrow
19:28 Horse Collar
23:59 Hand Cart
26:17 Town Watch
29:38 Imperial Age
29:54 Heavy Plow
29:47 Gold Mining
29:47 Stone Mining
30:14 Bow Saw
30:44 Conscription
32:04 Husbandry
32:15 Bloodlines
32:36 Elite Magyar Huszar
34:24 Scale Barding Armor
34:49 Corvinian Army
44:43 Chain Barding Armor
52:56 Crop Rotation
57:29 Plate Barding Armor
Vampire
1:18 Loom
14:09 Feudal Age
15:34 Double-Bit Axe
18:37 Wheelbarrow
18:20 Forging
18:10 Scale Mail Armor
19:13 Man-at-Arms
20:10 Gold Mining
20:10 Stone Mining
21:04 Stone Mining
26:06 Castle Age
27:22 Iron Casting
27:04 Chain Mail Armor
39:10 Lamellar Armor
Lagi Gabut
0:29 Loom
19:32 Feudal Age
20:28 Fishing Lines
25:01 Double-Bit Axe
24:59 Horse Collar
28:29 Castle Age
26:33 Gold Mining
26:34 Stone Mining
34:04 Wheelbarrow
33:31 Heavy Plow
33:43 Bow Saw
34:10 Gold Shaft Mining
37:18 Imperial Age
37:45 Hand Cart
39:11 Forging
38:51 Fletching
39:02 Padded Archer Armor
40:06 Two-Man Saw
39:33 Ballistics
39:09 Murder Holes
38:41 Elite Janissary
39:25 Artillery
52:57 Hoardings
67:47 Heavy Camel Rider
Connection lost

Rejoining the realm…

Still unreachable

The connection could not be restored.

Session expired

The server has moved on; the page needs a fresh start.